AoeStats
← joosephy

Nomad

509038830Analyzed
4v4 RM · 6d ago on Sep 25, 2026· 18m 15s· 8 players
Game mode
Random Map
Map size
231×231
Population
200
Speed
Normal
Resources
Standard
Victory
Conquest
Starting age
Dark Age
Ending age
Imperial Age
RankedLock teamsTeams togetherTeam positionsShared explorationLock speedFull tech treeHidden civsTurbo modeCheats
Victory
Defeat
🇨🇳 Persians · China
2013
+3
🇨🇳 Koreans · China
1775
+8
🇨🇳 Varangians · China
1675
+11
🇹🇼 Dravidians · Taiwan
1654
+12
1666
-11
🇺🇸 Danes · United States
1621
-9
🇲🇽 Persians · Mexico
1593
-8
1504
-6
邪恶菜菜虎
5:03 Loom
12:58 Feudal Age
13:36 Town Watch
16:51 Castle Age
15:21 Double-Bit Axe
15:41 Fishing Lines
17:34 Fletching
joosephy
3:49 Loom
12:48 Feudal Age
16:49 Castle Age
15:22 Double-Bit Axe
15:40 Fletching
17:31 Gold Mining
17:55 Fishing Lines
CNZS_Dadaya
8:32 Loom
11:15 Feudal Age
CNZS_CC
10:49 Feudal Age
11:10 Double-Bit Axe
11:35 Fishing Lines
16:07 Loom
19:20 Castle Age
DS_SayGG
12:46 Feudal Age
17:37 Castle Age
16:59 Double-Bit Axe
DSLGTCD
7:33 Loom
CTM | black forest best map
12:20 Loom
15:20 Feudal Age
灯窝森曾瑞卜药方松滴
3:59 Loom
12:25 Feudal Age
Connection lost

Rejoining the realm…

Still unreachable

The connection could not be restored.

Session expired

The server has moved on; the page needs a fresh start.